Map: [ESL] Dragon Scales

Players

Oliveira - Winner!

  • Race: Terran Terran
  • Spawn Location: 11:00

Coffee

  • Race: Terran Terran
  • Spawn Location: 5:00

Event: ESL SC2 Masters 2023 Summer (Regionals)

VOD

Have the link to the VOD?

Description

Time

  • Played on: May 21, 2023, 10:01 a.m.
  • Length: 7:39

All games in this series

Show
View Real Time Build Order
Export as new Build Order

Oliveira Terran - Winner!

Build Orders:  

Get SALT Encoding   

  12  0:00  SCV  
  13  0:12  SCV  
  14  0:17  Supply Depot  
  14  0:24  SCV  
  15  0:38  SCV  
  15  0:40  Barracks  
  16  0:43  Refinery  
  16  0:51  SCV  
  16  0:52  Refinery  
  17  1:03  SCV  
  18  1:15  SCV  
  19  1:27  Reaper  
  19  1:28  Orbital Command  
  19  1:31  Supply Depot  
  20  1:41  Factory  
  20  1:53  SCV  
  21  2:00  Reaper  
  22  2:05  SCV  
  23  2:18  Command Center  
  23  2:19  SCV  
  24  2:25  Hellion  
  26  2:31  SCV  
  26  2:32  Reaper  
  26  2:36  Supply Depot  
  28  2:43  SCV  
  29  2:47  Factory Tech Lab  
  29  2:50  Starport  
  29  2:55  SCV  
  30  3:05  Cyclone  
  33  3:07  SCV  
  34  3:15  Barracks Reactor  
  34  3:17  Refinery  
  34  3:19  SCV  
  35  3:28  Starport Tech Lab  
  35  3:29  Orbital Command  
  35  3:32  SCV  
  39  3:44  SCV  
  39  3:46  Raven  
  39  3:52  Marine x2  
  39  3:55  SCV  
  42  3:56  SCV  
  42  3:58  Refinery  
  42  3:59  Siege Tank  
  44  4:07  SCV  
  44  4:09  Marine  
  45  4:15  SCV, Supply Depot  
  45  4:17  Marine  
  44  4:19  SCV  
  44  4:22  Raven  
  48  4:27  Marine  
  48  4:28  SCV  
  50  4:31  SCV  
  50  4:32  Siege Tank  
  50  4:36  Marine  
  50  4:38  Supply Depot  
  55  4:40  SCV  
  55  4:44  Starport  
  57  4:48  SCV  
  58  4:52  Supply Depot  
  58  4:53  SCV  
  58  5:00  SCV, Supply Depot  
  58  5:04  Siege Tank  
  61  5:11  Viking  
  56  5:16  Viking  
  56  5:18  Marine  
  56  5:20  Viking  
  58  5:22  SCV x2  
  60  5:34  SCV  
  60  5:35  SCV  
  58  5:36  Marine, Siege Tank  
  58  5:42  Viking  
  64  5:46  SCV, Viking  
  64  5:48  SCV  
  68  5:50  Viking  
  68  5:54  Marine  
  71  5:57  Supply Depot  
  71  5:58  SCV  
  72  6:05  SCV  
  72  6:09  Siege Tank  
  75  6:12  Marine, Viking  
  75  6:17  Viking  
  80  6:25  Liberator  
  83  6:40  Command Center  
  83  6:41  Supply Depot  
  83  6:43  Siege Tank  
  83  6:44  Viking  
  88  6:48  SCV  
  89  6:54  Marine  
  89  6:55  SCV  
  89  6:57  Viking  
  93  7:08  Viking  
  95  7:12  Marine  
  95  7:15  Barracks  
  96  7:16  Barracks  
Show
View Real Time Build Order
Export as new Build Order

Coffee Terran 

Build Orders:  

Get SALT Encoding   

  12  0:00  SCV  
  13  0:12  SCV  
  14  0:17  Supply Depot  
  14  0:24  SCV  
  15  0:38  SCV  
  15  0:39  Barracks  
  16  0:43  Refinery  
  16  0:50  SCV  
  16  0:52  Refinery  
  17  1:03  SCV  
  18  1:15  SCV  
  19  1:27  Orbital Command, Reaper  
  19  1:31  Supply Depot  
  20  1:41  Factory  
  20  1:52  SCV  
  21  1:59  Reaper  
  22  2:05  SCV  
  23  2:16  Command Center  
  23  2:18  SCV  
  24  2:25  Hellion  
  26  2:30  SCV  
  26  2:32  Barracks Reactor  
  26  2:36  Supply Depot  
  27  2:42  SCV  
  28  2:46  Starport  
  28  2:48  Factory Tech Lab  
  28  2:54  SCV  
  29  3:06  SCV, Cyclone  
  29  3:09  Marine x2  
  35  3:15  Refinery  
  35  3:18  SCV  
  36  3:23  Starport Tech Lab  
  36  3:28  Orbital Command  
  36  3:30  SCV  
  39  3:41  Raven  
  39  3:42  SCV  
  39  3:45  Marine x2  
  42  3:52  Siege Tank  
  42  3:54  SCV  
  42  3:55  SCV  
  47  4:01  Supply Depot  
  47  4:03  Marine  
  47  4:06  SCV  
  47  4:07  SCV  
  48  4:13  Marine  
  47  4:18  SCV  
  47  4:20  Marine  
  47  4:21  Raven  
  47  4:23  SCV  
  52  4:26  Supply Depot  
  52  4:32  SCV  
  52  4:35  Marine  
  52  4:37  Siege Tank  
  57  4:38  Marine  
  57  4:39  SCV  
  57  4:44  SCV  
  60  4:47  Supply Depot  
  60  4:51  SCV  
  61  4:55  Supply Depot  
  61  4:56  Raven  
  61  4:57  SCV  
  64  5:04  SCV  
  60  5:20  Marine, Siege Tank  
  60  5:21  Marine  
  60  5:22  SCV x2  
  62  5:34  SCV x2  
  64  5:38  Command Center  
  64  5:46  SCV x2, Viking  
  64  5:47  Viking  
  70  5:53  Siege Tank  
  70  5:54  Refinery  
  73  5:58  Marine  
  73  6:02  SCV x2  
  76  6:14  SCV x2  
  76  6:16  Barracks x2  
  78  6:25  Viking x2  
  82  6:26  SCV x2  
  84  6:35  Marine  
  84  6:38  SCV x2  
  84  6:50  SCV x2, Siege Tank  
  84  6:53  Marine  
  90  6:55  Orbital Command  
  90  6:59  Viking x2  
  94  7:05  SCV x2  
  95  7:11  Marine, Barracks Reactor x2  
  96  7:17  SCV x2  
Tags
 
Add a new tag
Caveats
  • Supply blocks, unpowered buildings, or Contaminate may cause inaccurate times.
  • Supply counts are checked every 10 seconds.